Unix NetHack Version 3.7.0-71 Work-in-progress - last build Jan 31 2023 02:41:03 (7ba98a1283f2b7cec35fde026edb48fc825ab8ae,branch:master). Game began 2023-02-12 22:46:52, ended 2023-02-12 23:06:41. Gandelf, neutral male human Monk |.. -@--------... G h)))......... -----------.<. ---- Gandelf the Novice St:18/01 Dx:13 Co:10 In:12 Wi:12 Ch:10 Neutral S:1546 Dlvl:7 $:106 HP:0(36) Pw:11(16) AC:0 Xp:5/285 T:1460 Burdened Latest messages: You see here a rusty dagger. What do you want to throw? [$NOV or ?*] * What do you want to throw? [$NOV or ?*] Never mind. What do you want to throw? [$NOV or ?*] * In what direction? h Pegasus devours an uncursed apple. You swap places with Pegasus. You see here a dart. You miss the dwarf. The dwarf swings his pick-axe. The dwarf hits! You hit the dwarf! You kill the dwarf! Pegasus drops a dart. There are several objects here. You kill the gnome! You see here 4 rusty daggers. You hear some noises. You hear some noises in the distance. You have a sad feeling for a moment, then it passes. You miss nabru's ghost. You miss nabru's ghost. You miss nabru's ghost. You miss nabru's ghost. You miss nabru's ghost. The gnome misses! You miss nabru's ghost. The gnome misses! You miss nabru's ghost. Nabru's ghost touches you! The gnome hits! You miss nabru's ghost. The gnome misses! You hit nabru's ghost! The dwarf picks up a dwarvish cloak. The dwarf picks up a pick-axe. The gnome misses! The dwarf swings his broad pick. The dwarf hits! The gnome misses! In what direction? / The magical energy is released! The dwarf swings his broad pick. The dwarf hits! Are you sure you want to pray? [yn] (n) y You begin praying to Chih Sung-tzu. The gnome hits! You die... Do you want your possessions identified? [ynq] (y) q Inventory: Coins $ - 106 gold pieces Weapons V - 9 +0 arrows O - 5 blessed +1 daggers N - the cursed +0 Sting Armor K - a cursed +0 dwarvish iron helm (being worn) s - an uncursed +0 pair of gauntlets of dexterity a - an uncursed +2 pair of leather gloves (being worn) Z - an uncursed +0 pair of iron shoes L - a cursed +0 pair of iron shoes (being worn) D - an uncursed +0 dwarvish cloak M - a cursed -2 dwarvish cloak b - a blessed +1 robe (being worn) m - an uncursed +0 elven mithril-coat Comestibles h - 5 uncursed apples v - an uncursed candy bar labeled "The Small Bar" E - 2 uncursed carrots P - a cursed carrot Q - a cursed cram ration g - 2 uncursed food rations R - an uncursed food ration j - 3 uncursed fortune cookies i - 6 uncursed oranges n - an uncursed pancake r - an uncursed tripe ration S - a cursed tripe ration Scrolls I - a cursed scroll of blank paper Y - a cursed scroll of destroy armor d - a blessed scroll of earth t - an uncursed scroll of enchant armor G - a blessed scroll of gold detection u - an uncursed scroll of scare monster Spellbooks H - a cursed spellbook of cone of cold F - a cursed spellbook of detect monsters A - an uncursed spellbook of finger of death c - a blessed spellbook of healing o - an uncursed spellbook of knock Potions C - a cursed potion of booze W - an uncursed potion of full healing e - 2 uncursed potions of water f - an uncursed potion of water z - an uncursed potion of water l - a potion of unholy water Rings J - a cursed ring of polymorph control X - an uncursed ring of shock resistance Wands p - a wand of light (0:14) Tools U - an uncursed credit card T - an uncursed oil lamp w - a cursed skeleton key x - a cursed skeleton key k - a cursed tin opener Gems/Stones B - an uncursed citrine stone y - an uncursed worthless piece of green glass q - an uncursed flint stone Gandelf the Monk's attributes: Background: You were a Novice, a level 5 male human Monk. You were neutral, on a mission for Chih Sung-tzu who was opposed by Shan Lai Ching (lawful) and Huan Ti (chaotic). You were in the Gnomish Mines, on level 7. You entered the dungeon 1460 turns ago. It was nighttime. You had 285 experience points, 35 more were needed to attain level 6. Your score was 1546 before end-of-game adjustments. Basics: You had 0 out of 36 hit points. You had 11 out of 16 energy points (spell power). Your armor class was 0. Your wallet contained 106 zorkmids. Autopickup was on for '$?!+/=' plus thrown. Final Characteristics: Your strength was 18/01 (limit:18/100). Your dexterity was 13 (limit:18). Your constitution was 10 (limit:18). Your intelligence was 12 (limit:18). Your wisdom was 12 (limit:18). Your charisma was 10 (limit:18). Final Status: You were not hungry. You were burdened; movement was slightly slowed. You were empty handed. You had basic skill with martial arts. Final Attributes: You were devoutly aligned. You were sleep resistant. You were poison resistant. You saw invisible. You were telepathic. You were stealthy. You were guarded. You were fast. You are dead. Miscellaneous: You encountered 2 bones levels. Total elapsed playing time was 19 minutes and 49 seconds. Major events: Turn 1: Gandelf the neutral male human Monk entered the dungeon 630: attained the rank of Novice (level 3) 1149: entered the Gnomish Mines 1163: destroyed nabru's ghost, the former Pillager 1165: found Sting on the floor 1460: killed by a gnome, while praying Vanquished creatures: a ghost a human zombie a pony a yellow light a shrieker 2 gnome leaders a floating eye 3 dwarves a giant bat 2 hobbits a manes a brown mold a yellow mold a red mold 11 gnomes a gecko 2 jackals a fox 2 kobolds 2 goblins 4 lichens 5 newts 46 creatures vanquished. No species were genocided or became extinct. Voluntary challenges: You never hit with a wielded weapon. You were illiterate. You never engraved Elbereth. You never genocided any monsters. You never polymorphed an object. You never changed form. You used no wishes. Achievements: You attained the rank of Novice. You entered the Gnomish Mines. The Dungeons of Doom: levels 1 to 5 Level 1: Level 2: A fountain. Level 3: Level 4: An altar, a fountain, a sink. Stairs down to The Gnomish Mines. Level 5: The Gnomish Mines: levels 5 to 7 Level 5: A grave. Final resting place for nabru-Bar-Orc-Fem-Cha, killed by a dwarf. Level 6: Level 7: <- You were here. A grave. Final resting place for you, killed by a gnome, while praying, nabru-Kni-Hum-Fem-Law, killed by a gnome. Game over: ---------- / \ / REST \ / IN \ / PEACE \ / \ | Gandelf | | 106 Au | | killed by a | | gnome | | | | | | 2023 | *| * * * | * _________)/\\_//(\/(/\)/\//\/|_)_______ Goodbye Gandelf the Monk... You died in The Gnomish Mines on dungeon level 7 with 1536 points, and 106 pieces of gold, after 1460 moves. You were level 5 with a maximum of 36 hit points when you died.